 Dungeon Crawl Stone Soup version 0.26-a0-771-g060e6a6 (webtiles) character file.

Game seed: 8702131744055840724

361 MrTaco21 the Cudgeler (level 6, -4/37 HPs)
             Began as a Gargoyle Fighter on Nov 8, 2020.
             Slain by a river rat (6 damage)
             ... summoned by Eustachio
             ... on level 4 of the Dungeon.
             The game lasted 00:04:57 (3599 turns).

MrTaco21 the Cudgeler (Gargoyle Fighter)            Turns: 3599, Time: 00:04:57

Health: -4/37      AC: 12    Str: 21    XL:     6   Next: 66%
Magic:  0/6        EV:  7    Int:  9    God:
Gold:   183        SH:  9    Dex:  9    Spells: 5/5 levels left

rFire    + . .     SeeInvis .   v - +0 whip (drain)
rCold    + + .     Faith    .   c - +0 kite shield
rNeg     + . .     Spirit   +   b - +0 scale mail
rPois    ∞         Reflect  .   u - +0 helmet
rElec    +         Harm     .   (no cloak)
rCorr    +         Rampage  .   (no gloves)
MR       .....                  (no boots)
Stlth    ..........             x - amulet of guardian spirit
HPRegen  0.12/turn              a - ring of flight
MPRegen  0.10/turn              o - ring of protection from cold

@: resistant
A: negative energy resistance 1, electricity resistance, unbreathing,
petrification resistance, rot immunity, AC +4
a: Evoke Flight


You were on level 4 of the Dungeon.
You visited 1 branch of the dungeon, and saw 5 of its levels.

You collected 183 gold pieces.

Inventory:

Hand Weapons
 v - a +0 whip of draining (weapon)
   (You found it on level 2 of the Dungeon)
Missiles
 g - 10 poisoned darts (quivered)
Armour
 b - a +0 scale mail (worn)
 c - a +0 kite shield (worn)
 u - a +0 helmet (worn)
   (You found it on level 2 of the Dungeon)
Jewellery
 a - a ring of flight (left hand)
   (You found it on level 2 of the Dungeon)
 o - a ring of protection from cold (right hand)
   (You found it on level 3 of the Dungeon)
 x - an amulet of guardian spirit (around neck)
   (You found it on level 3 of the Dungeon)
Scrolls
 e - 3 scrolls of fear {unknown}
 f - 3 scrolls of enchant armour {unknown}
 h - a scroll of random uselessness {unknown}
 i - a scroll of fog {unknown}
 j - a scroll of teleportation {unknown}
 q - a scroll of identify {unknown}
 r - 3 scrolls of remove curse {unknown}
 s - 2 scrolls of amnesia {unknown}
 t - a scroll of immolation {unknown}
 y - a scroll of blinking {unknown}
Potions
 d - a potion of might
 k - a potion of haste {unknown}
 l - a potion of berserk rage {unknown}
 m - 2 potions of invisibility {unknown}
 n - a potion of attraction {unknown}
 p - a potion of heal wounds {unknown}
 w - a potion of curing {unknown}
 z - a potion of resistance
 A - a potion of degeneration {unknown}


   Skills:
 - Level 3.2 Fighting
 + Level 6.9 Maces & Flails
 - Level 3.2 Armour
 - Level 3.2 Shields


You had 5 spell levels left.
You didn't know any spells.
Your spell library was empty.

Dungeon Overview and Level Annotations

Branches:
Dungeon (5/15)
 Temple: D:4-7

Altars:

Shops:
D:5 !

Annotations:
D:4 Eustachio


Innate Abilities, Weirdness & Mutations

You are resistant to torment.
Your stone body is resilient. (AC +4)
You are immune to poison.
You resist negative energy. (rN+)
You are resistant to electric shocks. (rElec)
You can survive without breathing.
You are immune to petrification.
You are immune to rotting.


Message History

The river rat barely misses you.
The ufetubus hits you but does no damage. x2
The river rat bites you.
* * * LOW HITPOINT WARNING * * *
You hit the gnoll.
The quokka bites you but does no damage.
You block the ufetubus's attack.
The ufetubus hits you but does no damage.
You block the river rat's attack. x2
Unknown command.
Unknown command.
You hit the gnoll. You block the gnoll's attack.
The quokka bites you but does no damage.
You block the ufetubus's attack.
The ufetubus hits you but does no damage.
Eustachio mumbles some strange words.
Unknown command.
You hit the gnoll. You drain the gnoll.
You kill the gnoll!
You hear the rapid rusting of a distant drain.
The quokka disappears in a puff of smoke!
The ufetubus hits you.
* * * LOW HITPOINT WARNING * * *
You block the ufetubus's attack. You block the river rat's attack.
The river rat bites you but does no damage.
Eustachio says, "My allies will avenge me."
The ufetubus hits you but does no damage.
The ufetubus hits you.
* * * LOW HITPOINT WARNING * * *
You hit the gnoll but do no damage.
The river rat bites you but does no damage.
You block the river rat's attack.
Eustachio mumbles some strange words.
Eustachio blinks!
You block the gnoll's attack. The ufetubus barely misses you.
You block the ufetubus's attack.
Unknown command.
Your scale mail prevents you from hitting the gnoll.
The ufetubus hits you.
* * * LOW HITPOINT WARNING * * *
The ufetubus closely misses you. The river rat bites you. x2
* * * LOW HITPOINT WARNING * * *
Eustachio gestures wildly while chanting.
Eustachio blinks!
The quokka bites you but does no damage.
You block the gnoll's attack.
It was a potion of resistance.
You feel protected. The ufetubus closely misses you.
You block the ufetubus's attack. The river rat bites you.
You die...

##...............
##........#......
#.....>..###.....
###(...........##..
####.?#.....#.........
##.....#§.........(....
#.....5.............(..
#....rrg..........##...
#...rr@#..........##...
#####5###.......######.
### #.......# #.
###...### ## ####


You could see a gnoll (drained), 2 river rats, a white imp (summoned), an
ufetubus (summoned) and 2 quokkas.

Vanquished Creatures
  An ogre (D:4)
  A scorpion (D:4)
  An orc wizard (D:3)
  A worker ant (D:4)
  3 adders (D:2)
  6 gnolls
  A shadow imp (D:4)
  An adder skeleton (D:4)
  A worm (D:2)
  2 dart slugs
  A leopard gecko (D:5)
  8 orcs (D:3)
  4 giant cockroaches
  9 hobgoblins
  6 jackals
  6 kobolds
  A quokka (D:2)
  3 ball pythons
  4 bats
  6 frilled lizards
  4 goblins
  7 rats
77 creatures vanquished.

Vanquished Creatures (others)
  2 plants (D:3)
2 creatures vanquished.

Grand Total: 79 creatures vanquished

Notes
Turn   | Place    | Note
-------+----------+-------------------------------------------
     0 | D:1      | MrTaco21 the Gargoyle Fighter began the quest for the Orb.
     0 | D:1      | Reached XP level 1. HP: 14/14 MP: 1/1
   563 | D:1      | Reached XP level 2. HP: 19/19 MP: 2/2
   678 | D:1      | Reached skill level 3 in Maces & Flails
  1143 | D:2      | Reached XP level 3. HP: 21/23 MP: 3/3
  1305 | D:2      | Reached skill level 4 in Maces & Flails
  1312 | D:2      | Reached XP level 4. HP: 16/28 MP: 4/4
  1755 | D:2      | Found a faded altar of an unknown god.
  2117 | D:3      | Reached skill level 5 in Maces & Flails
  2189 | D:3      | Reached XP level 5. HP: 30/32 MP: 5/5
  3143 | D:4      | Reached skill level 6 in Maces & Flails
  3196 | D:4      | Reached XP level 6. HP: 33/37 MP: 4/6
  3289 | D:4      | Noticed Eustachio
  3319 | D:5      | Entered Level 5 of the Dungeon
  3319 | D:5      | Found Dintul's Distillery.
  3599 | D:4      | Slain by a river rat

Illustrated notes

Levels and vault maps discovered:
D:1:      dpeg_arrival_rhombi, layout_basic, minmay_pentomino_u4
D:2:      layout_basic, chequers_ecumenical_altar_simple
D:3:      wad_lake_hut, layout_basic
D:4:      layout_cave_pools, portal_sewer_entry_d, chequers_arboretum,
          dk_noncrumbling_3, uniq_eustachio
D:5:      layout_gridville, serial_shops, shop

Skill      XL: |  1  2  3  4  5 |
---------------+----------------+-----
Maces & Flails | 3 4 5 6 |  6.9
Fighting       | |  3.2
Armour         | |  3.2
Shields        | |  3.2

Action                   |  1- 3 |  4- 6 || total
-------------------------+-------+-------++-------
Melee: Flail             |    99 |    32 ||   131
       Whip              |       |   203 ||   203
  Use: Potion            |       |     1 ||     1
Armor: Scale mail        |    57 |   149 ||   206
Dodge: Dodged            |    28 |    83 ||   111
Block: Kite shield       |    70 |   143 ||   213

Table legend: (Time is in decaauts)
 A = Elapsed time spent in this place.
 B = Non-inter-level travel time spent in this place.
 C = Inter-level travel time spent in this place.
 D = Time resting spent in this place.
 E = Time spent auto-exploring this place.
 F = Levels seen in this place.
 G = Mean time per level.
                   A        B        C        D        E       F      G
               +--------+--------+--------+--------+--------+-----+--------+
         Total |   3655 |   3545 |    110 |    366 |   2479 |   5 |  731.0 |
       Dungeon |   3655 |   3545 |    110 |    366 |   2479 |   5 |  731.0 |
               +--------+--------+--------+--------+--------+-----+--------+

Top non-repeatable levels by time:
     D:3: 1159 daAuts
     D:1: 1089 daAuts
     D:2: 847 daAuts
     D:4: 340 daAuts
     D:5: 218 daAuts
